 Dungeon Crawl Stone Soup version 0.30-a0-639-g3916f1956a (webtiles) character file.

Game seed: 3746781759982084335

1261 wormed the Skirmisher (level 8, 0/61 HPs)
             Began as a Gnoll Wanderer on Jan 16, 2023.
             Was an Initiate of Kikubaaqudgha.
             Slain by a bullfrog (3 damage)
             ... on level 5 of the Dungeon.
             The game lasted 00:07:28 (5682 turns).

wormed the Skirmisher (Gnoll Wanderer)              Turns: 5682, Time: 00:07:29

Health: 0/61       AC:  9    Str: 14    XL:     8   Next: 52%
Magic:  17/17      EV: 11    Int: 11    God:    Kikubaaqudgha [......]
Gold:   238        SH:  0    Dex: 12    Spells: 18/19 levels left

rFire   . . .      SeeInvis .    a - +3 sling
rCold   . . .      Faith    .    (no shield)
rNeg    . . .      Spirit   .    u - +2 ring mail {Will+}
rPois   +          Reflect  .    t - +0 helmet
rElec   .          Harm     .    (no cloak)
rCorr   .          Rampage  .    (no gloves)
Will    +....                    (no boots)
Stlth   ++                       (no amulet)
HPRegen 0.30/turn                r - ring of poison resistance
MPRegen 0.15/turn                (no ring)

@: no status effects
A: fangs 1, strong nose, distributed training
a: Renounce Religion


You were on level 5 of the Dungeon.
You worshipped Kikubaaqudgha.
Kikubaaqudgha was noncommittal.
You visited 2 branches of the dungeon, and saw 6 of its levels.

You collected 238 gold pieces.

Inventory:

Hand Weapons
 a - a +3 sling (weapon)
Missiles
 w - a curare-tipped dart
Armour
 c - a +0 leather armour
 t - a +0 helmet (worn)
 u - a +2 ring mail of willpower (worn)
Jewellery
 r - a ring of poison resistance (left hand)
Wands
 j - a wand of paralysis (10)
Scrolls
 f - 4 scrolls of fog
 k - a scroll of immolation {unknown}
 m - 2 scrolls of vulnerability
 p - a scroll of magic mapping {unknown}
 q - a scroll of enchant armour {unknown}
 s - a scroll of poison
 x - a scroll of fear {unknown}
Potions
 b - 3 potions of attraction
 d - a potion of cancellation
 e - a potion of degeneration {unknown}
 g - a potion of mutation {unknown}
 h - a potion of brilliance {unknown}
 i - 3 potions of heal wounds {unknown}
 l - a potion of might {unknown}
 n - 2 potions of curing
 o - a potion of invisibility {unknown}
 v - 2 potions of magic {unknown}


   Skills:
 + Level 4.4 Fighting
 + Level 3.4 Short Blades
 + Level 3.4 Long Blades
 + Level 3.4 Axes
 + Level 3.4 Maces & Flails
 + Level 3.4 Polearms
 + Level 3.4 Staves
 + Level 9.2 Ranged Weapons
 + Level 3.4 Throwing
 + Level 4.4 Armour
 + Level 3.4 Dodging
 + Level 3.4 Stealth
 + Level 3.4 Shields
 + Level 3.4 Unarmed Combat
 + Level 6.1 Spellcasting
 + Level 2.8 Conjurations
 + Level 2.8 Hexes
 + Level 2.8 Summonings
 + Level 2.8 Necromancy
 + Level 4.8 Translocations
 + Level 2.8 Transmutations
 + Level 2.8 Fire Magic
 + Level 2.8 Ice Magic
 + Level 2.8 Air Magic
 + Level 2.8 Earth Magic
 + Level 2.8 Poison Magic
 + Level 3.8 Invocations
 + Level 3.4 Evocations


You had 18 spell levels left.
You knew the following spells:

 Your Spells              Type           Power      Damage    Failure   Level
a - Apportation           Tloc           28%        N/A       4%          1

Your spell library contained the following spells:

 Spells                   Type           Power      Damage    Failure   Level
 Kiss of Death            Conj/Necr      36%        2d8       12%         1
 Necrotise                Necr           36%        1d5       12%         1
 Portal Projectile        Hex/Tloc       22%        N/A       22%         3
 Kindle Blastsparks       Fire/Tloc/Air  22%        2d11      26%         3
 Confusing Touch          Hex            9%         N/A       34%         3
 Ignite Poison            Fire/Tmut/Pois 9%         N/A       34%         3
 Vampiric Draining        Necr           9%         2d6       34%         3
 Dispel Undead            Necr           9%         3d8       75%         4
 Agony                    Necr           9%         N/A       97%         5
 Freezing Cloud           Conj/Ice/Air   4%         6-21      97%         5
 Simulacrum               Ice/Necr       4%         N/A       100%        6
 Polar Vortex             Ice            4%         N/A       100%        9


Dungeon Overview and Level Annotations

Branches:
Dungeon (5/15)             Temple (1/1) D:5

Altars:
Ashenzari
Dithmenos
Fedhas
Gozag
Hepliaklqana
Kikubaaqudgha
Nemelex Xobeh
Okawaru
Trog
Uskayaw
Wu Jian
Xom
Yredelemnul


Innate Abilities, Weirdness & Mutations

You have very sharp teeth.
Your uncanny sense of smell can sniff out nearby items.
Your experience applies equally to all skills.


Message History

You shoot a sling bullet. The sling bullet hits the phantom!
You destroy the phantom!
Kikubaaqudgha accepts your kill.
Things that are here:
a +0 dagger; a +0 robe; an orc corpse
Things that are here:
a +0 dagger; a +0 ring mail; an adder corpse You open the door.
A bullfrog comes into view.
An ogre comes into view. It is wielding a +0 giant spiked club.
Found 5 gold pieces.
The ogre shouts!
There is an open door here.
The ogre closely misses you.
You shoot a sling bullet. The bullfrog gives a loud, deep croak!
The sling bullet hits the ogre.
The ogre is lightly wounded.
You shoot a sling bullet. The sling bullet hits the ogre.
The ogre is moderately wounded.
The ogre closely misses you.
You shoot a sling bullet. The sling bullet hits the ogre.
The ogre is heavily wounded.
The bullfrog closely misses you.
The ogre hits you with a +0 giant spiked club!!
You shoot a sling bullet. The sling bullet hits the ogre.
The ogre is heavily wounded.
The bullfrog completely misses you. The bullfrog closely misses you.
You shoot a sling bullet.
The sling bullet barely misses the ogre.
The bullfrog barely misses you.
The ogre hits you with a +0 giant spiked club!!
* * * LOW HITPOINT WARNING * * *
The bullfrog hits you.
* * * LOW HITPOINT WARNING * * *
You shoot a sling bullet. The sling bullet hits the ogre.
The ogre is severely wounded.
The bullfrog hits you.
You die...
Kikubaaqudgha rasps: "You have failed me!
Welcome... death!"

##.#.##### #.# # #.#.#
###[##### ....#
#.......# ##+###
#.#.#.#.# ##...##
##..#.##..# ##.....##
#.#.#.###.# ##.$.....##
#...#.# #.#
#.........####...#.###.#
+.....O@..'...........))
#.....F...####...#.#)#.#
##.......## ##........#
##.....## ####.#####
##..... #.# #..###∆ #.#
.... ..# ##.. ###


You could see an ogre and a bullfrog.

Vanquished Creatures
  An ice beast (D:4)
  An ogre (D:4)
  A centaur (D:5)
  A kobold brigand (D:5)
  A phantom (D:5)
  2 scorpions (D:4)
  A howler monkey (D:5)
  A hound (D:4)
  A gnoll bouda (D:5)
  4 orc priests
  Ijyb (D:4)
  4 iguanas
  3 orc wizards
  Robin (D:4)
  9 gnolls (D:5)
  9 adders
  6 worms
  15 orcs
  3 bats (D:1)
  5 endoplasms
  7 giant cockroaches
  9 hobgoblins
  4 jackals (D:3)
  4 quokkas
  10 ball pythons
  4 frilled lizards
  18 goblins
  9 kobolds
  8 rats
143 creatures vanquished.

Notes
Turn   | Place    | Note
-------+----------+-------------------------------------------
     0 | D:1      | wormed the Gnoll Wanderer began the quest for the Orb.
     0 | D:1      | wormed set off with the following items: a +3 sling, a
                  | potion of attraction, a +0 leather armour; and the
                  | following spell memorised: Apportation; and the following
                  | spells available to memorise: Portal Projectile.
     0 | D:1      | Reached XP level 1. HP: 17/17 MP: 6/6
   138 | D:1      | Reached XP level 2. HP: 23/23 MP: 7/7
   538 | D:1      | Reached skill level 5 in Spellcasting
   538 | D:1      | Reached XP level 3. HP: 26/28 MP: 7/9
   896 | D:2      | Reached skill level 1 in Invocations
  1033 | D:2      | Reached skill level 1 in Short Blades
  1033 | D:2      | Reached skill level 1 in Long Blades
  1033 | D:2      | Reached skill level 1 in Axes
  1033 | D:2      | Reached skill level 1 in Maces & Flails
  1033 | D:2      | Reached skill level 1 in Polearms
  1033 | D:2      | Reached skill level 1 in Staves
  1033 | D:2      | Reached skill level 1 in Throwing
  1033 | D:2      | Reached skill level 1 in Dodging
  1033 | D:2      | Reached skill level 1 in Stealth
  1033 | D:2      | Reached skill level 1 in Shields
  1033 | D:2      | Reached skill level 1 in Unarmed Combat
  1033 | D:2      | Reached skill level 1 in Evocations
  1141 | D:2      | Reached XP level 4. HP: 34/34 MP: 11/11
  1276 | D:2      | Identified a scroll of acquirement
  1276 | D:2      | Acquired a Trismegistus Codex
  1485 | D:3      | Reached skill level 1 in Conjurations
  1485 | D:3      | Reached skill level 1 in Hexes
  1485 | D:3      | Reached skill level 1 in Summonings
  1485 | D:3      | Reached skill level 1 in Necromancy
  1485 | D:3      | Reached skill level 1 in Transmutations
  1485 | D:3      | Reached skill level 1 in Fire Magic
  1485 | D:3      | Reached skill level 1 in Ice Magic
  1485 | D:3      | Reached skill level 1 in Air Magic
  1485 | D:3      | Reached skill level 1 in Earth Magic
  1485 | D:3      | Reached skill level 1 in Poison Magic
  1790 | D:3      | Noticed a moth of wrath
  1792 | D:3      | Found a bloodstained altar of Trog.
  1818 | D:3      | Reached XP level 5. HP: 40/40 MP: 12/12
  1833 | D:3      | Identified the +3 trident of Zuicuriu {freeze, rN+ Str+2}
  2327 | D:4      | Noticed an ice beast
  2341 | D:4      | Killed an ice beast
  2342 | D:4      | Reached XP level 6. HP: 26/47 MP: 13/13
  2516 | D:4      | HP: 3/70 [poisoned by an adder]
  2896 | D:4      | Noticed Robin
  2907 | D:5      | Entered Level 5 of the Dungeon
  2933 | D:4      | Reached XP level 7. HP: 30/52 MP: 15/15
  2940 | D:4      | Killed Robin
  3091 | D:4      | Found a shadowy altar of Dithmenos.
  3319 | D:4      | Reached skill level 9 in Ranged Weapons
  3325 | D:4      | Noticed Ijyb
  3330 | D:4      | Paralysed by Ijyb for 5 turns
  3340 | D:4      | Killed Ijyb
  3602 | D:4      | Found a sparkling altar of Nemelex Xobeh.
  3778 | D:4      | Found an ornate altar of the Wu Jian Council.
  4276 | D:5      | Reached XP level 8. HP: 24/60 MP: 16/16
  4612 | D:5      | Found a staircase to the Ecumenical Temple.
  4756 | Temple   | Entered the Ecumenical Temple
  5071 | Temple   | Became a worshipper of Kikubaaqudgha
  5681 | D:5      | HP: 3/61 [bullfrog (1)]
  5682 | D:5      | Slain by a bullfrog

Illustrated notes

Levels and vault maps discovered:
D:1:      dpeg_arrival_prison, layout_loops_cross
D:2:      layout_basic
D:3:      layout_loops_corners, tgw_trog
D:4:      nicolae_cairo_tiling_very_big, layout_cave_pools,
          nemelex_xobeh_ov_fountains_minmay,
          nicolae_wu_jian_immortal_techniques,
          mainiacjoe_overflow_concentric_impassable, uniq_ijyb, uniq_robin
D:5:      layout_loops_corners, makhleb_blood_cavern_becter,
          minmay_temple_entry_proselytizer
Temple:   compressed_dpeg_triangle_lava_temple

Skill      XL: |  1  2  3  4  5  6  7  8 |
---------------+-------------------------+-----
Spellcasting   | 5 6 |  6.1
Invocations    | 1 2 3 |  3.8
Short Blades   | 1 2 3 |  3.4
Long Blades    | 1 2 3 |  3.4
Axes           | 1 2 3 |  3.4
Maces & Flails | 1 2 3 |  3.4
Polearms       | 1 2 3 |  3.4
Staves         | 1 2 3 |  3.4
Throwing       | 1 2 3 |  3.4
Dodging        | 1 2 3 |  3.4
Stealth        | 1 2 3 |  3.4
Shields        | 1 2 3 |  3.4
Unarmed Combat | 1 2 3 |  3.4
Evocations     | 1 2 3 |  3.4
Conjurations   | 1 2 |  2.8
Hexes          | 1 2 |  2.8
Summonings     | 1 2 |  2.8
Necromancy     | 1 2 |  2.8
Transmutations | 1 2 |  2.8
Fire Magic     | 1 2 |  2.8
Ice Magic      | 1 2 |  2.8
Air Magic      | 1 2 |  2.8
Earth Magic    | 1 2 |  2.8
Poison Magic   | 1 2 |  2.8
Fighting       | 3 4 |  4.4
Armour         | 3 4 |  4.4
Translocations | 4 |  4.8
Ranged Weapons | 9 |  9.2

Action                   |  1- 3 |  4- 6 |  7- 9 || total
-------------------------+-------+-------+-------++-------
Melee: Unarmed           |       |    26 |     6 ||    32
       Punch             |       |     1 |     1 ||     2
       Bite              |       |       |     1 ||     1
 Fire: Sling             |    94 |   138 |   251 ||   483
Evoke: Wand              |       |       |     1 ||     1
  Use: Scroll            |     4 |     5 |     1 ||    10
       Potion            |       |     3 |     4 ||     7
Armor: Leather armour    |    18 |    13 |     6 ||    37
       Skin              |       |    34 |     2 ||    36
       Ring mail         |       |       |    51 ||    51
Dodge: Dodged            |    26 |    32 |    83 ||   141

Table legend: (Time is in decaauts)
 A = Elapsed time spent in this place.
 B = Non-inter-level travel time spent in this place.
 C = Inter-level travel time spent in this place.
 D = Time resting spent in this place.
 E = Time spent auto-exploring this place.
 F = Levels seen in this place.
 G = Mean time per level.
                   A        B        C        D        E       F      G
               +--------+--------+--------+--------+--------+-----+--------+
         Total |   5702 |   5431 |    271 |     37 |   4504 |   6 |  950.3 |
       Dungeon |   5379 |   5108 |    271 |     37 |   4210 |   5 | 1075.8 |
        Temple |    322 |    322 |      0 |      0 |    294 |   1 |  322.0 |
               +--------+--------+--------+--------+--------+-----+--------+

Top non-repeatable levels by time:
     D:4: 1794 daAuts
     D:5: 1166 daAuts
     D:3: 1063 daAuts
     D:1: 733 daAuts
     D:2: 621 daAuts
  Temple: 322 daAuts
